Map: Blackpink LE

Players

NafanYa

  • Race: Terran Terran
  • League: Diamond
  • Spawn Location: 7:00

Isszul - Winner!

  • Race: Zerg Zerg
  • Spawn Location: 1:00

VOD

Have the link to the VOD?

Description

Time

  • Played on: Jan. 20, 2018, 12:18 p.m.
  • Length: 15:28
Show
View Real Time Build Order
Export as new Build Order

NafanYa Terran 

Build Orders: Hellion Opening, Reaper Expand, MMM Bio 

Get SALT Encoding   

  12  0:01  SCV  
  13  0:13  SCV  
  14  0:17  Supply Depot  
  14  0:25  SCV  
  15  0:30  Refinery  
  15  0:39  SCV  
  16  0:45  Barracks  
  16  0:51  SCV  
  17  1:03  SCV  
  18  1:15  SCV  
  19  1:32  Orbital Command, Reaper  
  20  1:44  Command Center  
  20  1:58  SCV  
  20  2:00  Factory  
  21  2:08  Barracks Reactor  
  21  2:13  SCV  
  22  2:19  Supply Depot  
  22  2:21  Refinery  
  22  2:25  SCV  
  23  2:45  SCV  
  23  2:50  Starport  
  24  2:54  Hellion x2  
  24  2:55  Barracks Tech Lab  
  24  2:57  SCV, Orbital Command  
  29  3:09  SCV  
  30  3:16  Hellion  
  30  3:19  Hellion  
  34  3:21  SCV  
  34  3:22  Marine  
  34  3:24  Stimpack  
  36  3:33  SCV  
  37  3:43  Hellion x2  
  37  3:45  Viking  
  43  3:50  SCV x2  
  45  4:02  Supply Depot x2, SCV  
  46  4:08  Marine, Hellion x2  
  51  4:22  Medivac  
  51  4:23  SCV  
  51  4:24  SCV  
  55  4:27  Barracks  
  55  4:28  Barracks  
  55  5:04  Starport Reactor  
  55  5:08  Barracks  
  55  5:10  SCV  
  55  5:11  SCV  
  55  5:12  Factory Tech Lab  
  57  5:14  Supply Depot x2, Command Center  
  57  5:15  Engineering Bay  
  57  5:19  Engineering Bay  
  57  5:24  Marine  
  58  5:42  Marine  
  58  5:46  Siege Tank  
  58  5:48  Medivac x2  
  66  6:00  Marine  
  65  6:18  SCV, Marine  
  57  6:21  Combat Shields  
  57  6:23  Siege Tank  
  57  6:24  Barracks Reactor  
  62  6:27  Barracks Reactor  
  62  6:31  Medivac  
  64  6:36  Marine  
  64  6:48  Marine x2  
  64  6:51  Medivac  
  64  6:54  Marine  
  69  6:56  Widow Mine  
  69  7:01  Marine x2  
  73  7:03  Terran Infantry Armor Level 1  
  73  7:06  Marine x2  
  73  7:07  Refinery, SCV x2  
  73  7:08  Refinery  
  77  7:11  Marine  
  77  7:14  Supply Depot  
  77  7:15  Supply Depot  
  78  7:16  Marine x2  
  78  7:18  Marine  
  78  7:19  Marine  
  82  7:24  Marine  
  82  7:29  Siege Tank  
  88  7:30  Marauder  
  88  7:42  SCV x2  
  90  7:44  Orbital Command  
  90  7:54  SCV  
  90  7:55  SCV  
  90  7:58  Concussive Shells  
  92  7:59  Marine x7  
  97  8:06  SCV  
  97  8:07  SCV  
  99  8:16  Marine  
  99  8:17  Marine x2  
  99  8:18  SCV  
  103  8:25  Marine  
  103  8:26  Marine x3  
  110  8:27  Siege Tank  
  110  8:28  Medivac x2  
  110  8:32  SCV x3  
  117  8:38  Barracks  
  117  8:39  Barracks  
  117  8:42  Supply Depot x2  
  117  8:55  Armory, SCV  
  117  8:56  SCV x2, Marine x2  
  117  8:57  Marine  
  106  9:06  Marine x2  
  106  9:07  Siege Tank, Marine x2  
  106  9:08  SCV  
  101  9:36  Marine x7  
  87  9:47  Barracks Reactor x2  
  87  9:49  Terran Infantry Armor Level 2  
  87  9:51  Terran Infantry Weapons Level 1  
  87  9:53  Marine  
  87  9:54  Marine x5  
  87  9:55  Supply Depot  
  87  9:56  Supply Depot  
  87  9:58  Refinery  
  87  9:59  Refinery, Supply Depot  
  93  10:01  Command Center  
  93  10:05  Marine  
  94  10:07  Siege Tank  
  94  10:11  Marine x3  
  100  10:17  Marine  
  100  10:21  Marine x2  
  101  10:23  Medivac, Marine  
  101  10:24  Medivac  
  101  10:25  Marine x4  
  101  10:27  SCV x2  
  114  10:29  Marine x3  
  114  10:31  SCV  
  114  10:34  Marine  
  119  10:36  Sensor Tower  
  119  10:39  SCV x2, Marine  
  119  10:40  Marine  
  119  10:41  Siege Tank, Marine  
  127  10:43  SCV, Marine x2  
  130  10:52  Supply Depot  
  130  10:53  Terran Vehicle And Ship Armor Level 1  
  130  10:55  Supply Depot  
  130  11:01  Marine  
  130  11:02  Marine x10  
  141  11:19  Marine x3  
  144  11:29  Marine x8  
  144  11:30  Siege Tank  
  144  11:31  Medivac x2  
  159  11:37  Marine x3  
  162  11:54  Marine x2  
  162  11:55  Marine  
  162  11:59  Terran Infantry Weapons Level 2  
  165  12:03  Siege Tank  
  120  12:35  Marine x11  
  109  12:53  Marine  
  109  12:55  Planetary Fortress  
  109  12:56  SCV x2  
  109  12:57  SCV  
  107  12:58  Liberator x2  
  107  13:00  Marine x5  
  107  13:01  Marauder  
  112  13:08  SCV  
  112  13:09  SCV x2  
  115  13:15  Siege Tank  
  124  13:20  SCV  
  124  13:23  Marauder  
  124  13:24  SCV x2  
  124  13:26  Missile Turret  
  127  13:27  Marine x7  
  127  13:28  Marine x3  
  127  13:33  SCV  
  138  13:41  Liberator x2  
  138  13:42  Ghost Academy  
  138  13:43  Marine  
  138  13:45  Marine  
  138  13:48  Barracks  
  140  13:55  Starport  
  140  13:56  Siege Tank  
  140  13:57  Barracks Tech Lab  
  140  13:58  Barracks Tech Lab  
  140  14:02  Marauder  
  151  14:04  Marine x2  
  151  14:05  Marine x3  
  143  14:23  Marauder  
  66  14:40  Marine x2  
  66  14:42  Marine  
  66  14:43  Marauder, Marine x4  
  66  14:44  Marauder  
  70  14:58  Marine x2  
  64  15:00  Marine x3  
  64  15:01  Marauder  
  64  15:04  Marine  
  64  15:06  Marauder  
Show
View Real Time Build Order
Export as new Build Order

Isszul Zerg - Winner!

Build Orders: Hatch First 

Get SALT Encoding   

  12  0:01  Drone  
  13  0:12  Overlord  
  13  0:19  Drone  
  14  0:32  Drone x2  
  16  0:40  Drone  
  17  0:53  Hatchery  
  17  0:55  Drone  
  17  0:59  Drone  
  18  1:10  Extractor  
  17  1:13  Spawning Pool  
  17  1:16  Drone  
  17  1:20  Drone  
  18  1:28  Drone  
  19  1:41  Overlord  
  19  1:49  Drone  
  20  2:00  Queen  
  20  2:01  Zergling x2  
  23  2:04  Queen  
  23  2:05  Zergling x2  
  26  2:10  Metabolic Boost  
  26  2:13  Drone  
  27  2:18  Drone  
  27  2:22  Drone  
  29  2:28  Drone  
  30  2:33  Overlord  
  29  2:45  Drone, Queen  
  29  2:46  Drone  
  33  2:55  Drone  
  34  3:01  Drone, Hatchery  
  34  3:02  Drone  
  35  3:10  Drone x2  
  37  3:15  Drone  
  38  3:20  Drone  
  38  3:21  Queen  
  38  3:22  Queen  
  43  3:29  Overlord  
  43  3:31  Overlord  
  43  3:38  Extractor x2  
  41  3:45  Drone x2  
  41  3:46  Drone  
  41  3:48  Zergling x2  
  45  3:54  Drone x3  
  48  3:56  Baneling Nest  
  48  3:59  Zergling x4  
  49  4:06  Zergling x2  
  50  4:18  Drone x4  
  54  4:24  Lair  
  54  4:26  Drone x2  
  54  4:29  Evolution Chamber x2  
  54  4:39  Zergling x6  
  57  4:56  Overlord x4  
  57  4:57  Overlord  
  57  4:58  Zerg Melee Weapons Level 1  
  57  4:59  Zerg Ground Armor Level 1  
  57  5:06  Overlord  
  57  5:07  Overlord  
  57  5:14  Drone x4, Queen  
  57  5:15  Drone  
  64  5:23  Queen  
  64  5:25  Zergling x4  
  64  5:27  Baneling x2  
  64  5:28  Baneling x2  
  68  5:37  Overlord x2  
  68  5:40  Zergling x4  
  68  5:41  Zergling x2  
  59  6:15  Drone x3  
  59  6:16  Drone x6  
  66  6:19  Centrifical Hooks  
  66  6:24  Zergling x2  
  66  6:25  Zergling x6  
  70  6:32  Baneling  
  70  6:33  Baneling x6, Zergling x4  
  71  6:47  Drone x4  
  74  6:57  Extractor  
  74  6:58  Infestation Pit  
  74  7:00  Drone x8, Spire  
  79  7:09  Queen  
  79  7:13  Zerg Melee Weapons Level 2  
  79  7:14  Zerg Ground Armor Level 2  
  81  7:17  Extractor  
  81  7:18  Extractor  
  79  7:26  Hatchery  
  78  7:38  Overseer  
  78  7:46  Hive  
  78  7:51  Hatchery  
  77  8:04  Drone x4  
  77  8:05  Drone x2, Overlord x2  
  83  8:14  Zergling x28  
  95  8:20  Zergling x2  
  95  8:24  Zergling x2  
  95  8:28  Baneling x2  
  95  8:29  Baneling  
  95  8:30  Baneling  
  95  8:31  Zergling x8  
  99  8:38  Zergling x10  
  99  8:41  Zergling x4  
  106  8:51  Zergling x8  
  107  8:59  Zergling x4  
  107  9:00  Zergling x2  
  91  9:06  Baneling x7  
  91  9:07  Zergling x12  
  95  9:10  Zergling x8  
  80  9:42  Queen  
  80  9:43  Queen x4  
  89  9:47  Zerg Ground Armor Level 3, Ultralisk Cavern, Zerg Melee Weapons Level 3  
  89  9:48  Greater Spire  
  89  9:51  Drone x2  
  90  10:01  Drone x4  
  90  10:02  Drone x3  
  97  10:17  Zergling x22  
  97  10:18  Queen  
  110  10:36  Chitinous Plating  
  110  10:52  Adrenal Glands  
  110  10:57  Ultralisk x2  
  110  10:58  Ultralisk x2  
  134  11:09  Ultralisk  
  138  11:20  Zergling x8  
  142  11:27  Baneling x4  
  142  11:28  Baneling x14  
  142  11:41  Extractor  
  142  11:43  Extractor  
  142  11:47  Zergling x4  
  142  11:49  Baneling  
  142  11:50  Baneling x7  
  142  11:53  Hatchery  
  134  12:13  Drone x8  
  115  12:44  Zergling x54  
  116  12:45  Zergling x4  
  132  12:52  Zergling x6  
  132  12:53  Zergling x14  
  142  13:02  Spire  
  141  13:10  Queen  
  141  13:11  Spore Crawler  
  142  13:33  Drone x6  
  148  13:40  Overlord x5  
  148  13:41  Overlord x3  
  148  13:48  Baneling x12  
  148  13:49  Baneling x13  
  148  13:50  Burrow  
  148  13:54  Baneling x4  
  148  13:55  Baneling x18  
  148  13:58  Queen x2  
  152  14:03  Zergling x18  
  152  14:04  Zergling x4  
  137  14:35  Zergling x22  
  137  14:36  Zergling x34  
  157  14:40  Corruptor  
Tags
 
Add a new tag
Caveats
  • Supply blocks, unpowered buildings, or Contaminate may cause inaccurate times.
  • Supply counts are checked every 10 seconds.